 Dungeon Crawl Stone Soup version 0.30.1-9-gdf580d7c3d (webtiles) character file.

Game seed: 10002672175329839722

403 Peloso the Slasher (level 6, -6/46 (55) HPs)
             Began as a Minotaur Fighter on Oct 5, 2023.
             Mangled by Edmund
             ... wielding a +0 dire flail of draining
              (18 damage)
             ... on level 5 of the Dungeon.
             The game lasted 00:04:17 (3454 turns).

Peloso the Slasher (Minotaur Fighter)               Turns: 3454, Time: 00:04:17

HP:   -6/46 (55)    AC:  8    Str: 21    XL:     6   Next: 55%
MP:   5/5           EV: 10    Int:  5    God:
Gold: 258           SH:  4    Dex: 11    Spells: 5/5 levels left

rFire   . . .        a - +0 long sword
rCold   . . .        c - +0 buckler
rNeg    . . .        b - +0 scale mail
rPois   +            (helmet restricted)
rElec   .            (no cloak)
rCorr   .            (no gloves)
SInv    .            s - +0 pair of boots
Will    .....        (no amulet) Stlth
                     o - +4 ring of slaying
HPRegen 0.27/turn    i - ring of poison resistance
MPRegen 0.09/turn

%: no passive effects
@: heavily drained
A: horns 2, retaliatory headbutt
a: no special abilities


You were on level 5 of the Dungeon.
You visited 1 branch of the dungeon, and saw 5 of its levels.

You collected 258 gold pieces.

Inventory:

Hand Weapons
 a - a +0 long sword (weapon)
Armour
 b - a +0 scale mail (worn)
 c - a +0 buckler (worn)
 s - a +0 pair of boots (worn)
Jewellery
 h - a +6 ring of intelligence
 i - a ring of poison resistance (right hand)
 o - a +4 ring of slaying (left hand)
Scrolls
 f - 2 scrolls of amnesia {unknown}
 g - 2 scrolls of blinking
 k - a scroll of fog {unknown}
 m - a scroll of enchant weapon {unknown}
 p - 2 scrolls of poison {unknown}
Potions
 d - 2 potions of might
 e - a potion of flight
 j - a potion of resistance
 n - a potion of heal wounds
 q - a potion of magic {unknown}
 r - 2 potions of curing {unknown}


   Skills:
 + Level 4.9 Fighting
 + Level 6.0 Long Blades
 + Level 5.1 Armour
 + Level 1.5 Dodging
 + Level 0.5 Stealth
 + Level 4.3 Shields


You had 5 spell levels left.
You didn't know any spells.
Your spell library was empty.

Dungeon Overview and Level Annotations

Branches:
Dungeon (5/15)
 Temple: D:4-7

Altars:

Annotations:
D:5 Edmund


Innate Abilities, Weirdness & Mutations

You have a pair of horns on your head.
You reflexively headbutt those who attack you in melee.


Message History

Found a robe.
A shadow imp comes into view.
The shadow imp shouts!
A shadow imp is nearby!
A shadow imp is nearby!
Edmund the Younger comes into view.
He is wielding a +0 dire flail of draining.
A quokka comes into view.
Edmund shouts!
The shadow imp barely misses you.
You slash the shadow imp!
The shadow imp is almost dead.
You block the shadow imp's attack.
You slash the shadow imp!
You kill the shadow imp!
The quokka bites you.
Unknown command.
Edmund drinks a potion.
Edmund goes berserk!
Edmund rages.
The quokka barely misses you. The quokka attacks as you move away!
The quokka barely misses you.
Edmund hits you with a +0 dire flail of draining!
You feel drained. The quokka attacks as you move away!
The quokka bites you but does no damage.
Edmund rages.
Edmund attacks as you move away! Edmund hits you but does no damage.
You feel drained.
Edmund rages.
Edmund hits you with a +0 dire flail of draining!
You feel drained. Edmund attacks as you move away! Edmund misses you.
You furiously retaliate!
You headbutt Edmund! Edmund hits you but does no damage.
You feel drained.
Edmund rages.
Edmund hits you with a +0 dire flail of draining!!
* * * LOW HITPOINT WARNING * * *
You feel drained.
* * * LOW HITPOINT WARNING * * *
There is a stone staircase leading down, spattered with blood here.
Edmund hits you with a +0 dire flail of draining!!
You die...

.....#...........
......#..........
.............##..
.....#.#.#.## #
....##.....##########
....#...............#
.. #....r#.........#
..#....@#.........#
.......@#.........#
.....#####.<.......#
...... #............#
..........###########
.......... #.. #. #


You could see Edmund (berserk) and a quokka.

Vanquished Creatures
  A phantom (D:5)
  A gnoll bouda (D:3)
  3 hounds (D:4)
  An iguana (D:4)
  4 gnolls
  5 adders
  A shadow imp (D:5)
  3 worms
  2 dart slugs
  3 orcs (D:4)
  7 ball pythons
  5 endoplasms
  6 goblins
  5 hobgoblins
  12 jackals
  2 quokkas
  4 bats
  4 frilled lizards (D:1)
  8 kobolds
  4 rats
81 creatures vanquished.

Notes
Turn   | Place    | Note
-------+----------+-------------------------------------------
     0 | D:1      | Peloso the Minotaur Fighter began the quest for the Orb.
     0 | D:1      | Reached XP level 1. HP: 19/19 MP: 0/0
    99 | D:1      | Found a faded altar of an unknown god.
   166 | D:1      | Reached XP level 2. HP: 27/27 MP: 1/1
   474 | D:1      | Reached XP level 3. HP: 28/33 MP: 2/2
   647 | D:2      | Reached skill level 3 in Long Blades
  1647 | D:3      | Reached XP level 4. HP: 34/40 MP: 3/3
  2353 | D:3      | Reached skill level 4 in Long Blades
  2565 | D:4      | Reached skill level 1 in Dodging
  2566 | D:4      | Reached XP level 5. HP: 36/47 MP: 4/4
  2955 | D:4      | Reached skill level 5 in Long Blades
  3015 | D:4      | Reached XP level 6. HP: 47/53 MP: 5/5
  3410 | D:5      | Entered Level 5 of the Dungeon
  3419 | D:5      | Reached skill level 6 in Long Blades
  3419 | D:5      | Reached skill level 5 in Armour
  3439 | D:5      | Noticed Edmund
  3454 | D:5      | Mangled by Edmund

Illustrated notes

Levels and vault maps discovered:
D:1:      dpeg_arrival_three_same_balls, layout_rooms, basic_ecumenical_altar
D:2:      layout_basic, serial_bayou_lagoon_a
D:3:      layout_loops_ring
D:4:      layout_loops_ring, minivault_24
D:5:      layout_rooms, amethyst_overflow_temple_binary, minmay_misc_feat_iff,
          hangedman_abyss_or_decor_jellyfish_corner, uniq_edmund

Skill      XL: |  1  2  3  4  5  6 |
---------------+-------------------+-----
Armour         | 4 5 |  5.1
Shields        | 4 |  4.3
Fighting       | 4 |  4.9
Long Blades    | 3 4 5 6 |  6.0
Dodging        | 1 |  1.5
Stealth        | |  0.5

Action                     |  1- 3 |  4- 6 || total
---------------------------+-------+-------++-------
  Melee: Long sword        |    98 |    94 ||   192
         Headbutt          |    10 |    11 ||    21
    Use: Potion            |     3 |       ||     3
         Scroll            |     2 |     2 ||     4
 Armour: Scale mail        |    45 |    36 ||    81
  Dodge: Dodged            |    62 |    60 ||   122
  Block: Buckler           |    28 |    26 ||    54
